 Dungeon Crawl Stone Soup version 0.25.1-8-g42b30a86e7 (webtiles) character file.

Game seed: 13821185335066828040

47 hawla the Conjurer (level 3, -1/26 HPs)
             Began as a Draconian Conjurer on Dec 16, 2020.
             Killed by divine providence
             ... invoked by an orc priest
              (12 damage)
             ... on level 2 of the Dungeon.
             The game lasted 00:04:29 (2174 turns).

hawla the Conjurer (Draconian Conjurer)             Turns: 2174, Time: 00:04:30

Health: -1/26      AC:  7    Str: 10    XL:     3   Next: 48%
Magic:  0/8        EV: 27    Int: 16    God:
Gold:   131        SH:  0    Dex: 11    Spells: 6/9 levels left

rFire    . . .     SeeInvis .   (no weapon)
rCold    . . .     Gourm    .   (no shield)
rNeg     . . .     Faith    .   (armour unavailable)
rPois    .         Spirit   .   (helmet restricted)
rElec    .         Reflect  .   (no cloak)
rCorr    .         Harm     .   (no gloves)
MR       .....                  e - +1 pair of boots
Stlth    ++........             f - amulet of the acrobat
HPRegen  0.08/turn              (no ring)
MPRegen  0.11/turn              (no ring)

@: acrobat
A: unfitting armour, cold-blooded, AC +5
a: no special abilities


You were on level 2 of the Dungeon.
You were not hungry.

You visited 1 branch of the dungeon, and saw 2 of its levels.

You collected 131 gold pieces.

Inventory:

Missiles
 j - a boomerang (quivered)
Armour
 e - a +1 pair of boots (worn)
Jewellery
 f - an amulet of the acrobat (around neck)
 l - an uncursed ring of see invisible {unknown}
Scrolls
 g - a scroll of teleportation
 k - a scroll of enchant weapon {unknown}
Potions
 a - a potion of degeneration {unknown}
 c - 2 potions of flight {unknown}
 h - 3 potions of curing {unknown}
 i - a potion of heal wounds {unknown}
Comestibles
 b - 7 rations


   Skills:
 - Level 1.7 Dodging
 - Level 1.7 Stealth
 + Level 3.7 Spellcasting
 - Level 4.0 Conjurations


You had 6 spell levels left.
You knew the following spells:

 Your Spells              Type           Power        Failure   Level  Hunger
a - Magic Dart            Conj           ###.         3%          1    None
b - Searing Ray           Conj           ###...       4%          2    ##.....

Your spell library contained the following spells:

 Spells                   Type           Power        Failure   Level  Hunger
 Dazzling Flash           Conj/Hex       #.....       22%         3    ###....
 Fulminant Prism          Conj/Hex       #.........   58%         4    ####...
 Iskenderun's Mystic Bla  Conj/Tloc      #.......     58%         4    ####...


Dungeon Overview and Level Annotations

Branches:
Dungeon (2/15)

Altars:


Innate Abilities, Weirdness & Mutations

Your plain brown scales are hard. (AC +5)
You cannot fit into any form of body armour.
You are cold-blooded and may be slowed by cold attacks.


Message History

Aim: an orc priest, wielding a +0 falchion The searing ray hits the orc priest!
The orc priest is heavily wounded. (Press . to maintain the ray.)
Casting: Searing Ray (safe; 4% risk of failure)
Confirm with . or Enter, or press ? or * to list all spells.
Aiming: Searing Ray (safe; 4% risk of failure)
Press: ? - help, Shift-Dir - straight line, f/p - orc priest
Aim: an orc priest, wielding a +0 falchion (heavily wounded)
The searing ray hits the orc priest.
The orc priest is almost dead. (Press . to maintain the ray.)
Casting: Searing Ray (safe; 4% risk of failure)
Confirm with . or Enter, or press ? or * to list all spells.
You don't have enough magic to cast that spell.
The searing ray hits the ball python.
You kill the ball python!
The orc priest mumbles some strange prayers to Beogh against you.
Beogh smites you!
You die...

## ### #. ..# ##.###### #.#
#######.......# #.#
#.............# #.# ##
#.#####...@...# #.# #. #.#
#.(.o...# #.# #.
##.#####.......# #รท# #.
#.....##.......# #[# #.
#.....##.[)....######(#####.
#.###.#####.##..............
#.# #................)..####
#.# #.########.####....##
#.# #.# ###.)..## ##


You could see an orc priest.

Vanquished Creatures
  A dart slug (D:1)
  A leopard gecko (D:2)
  3 orcs (D:2)
  2 ball pythons (D:2)
  2 giant cockroaches
  6 goblins
  A hobgoblin (D:1)
  4 jackals (D:1)
  5 kobolds
  A quokka (D:2)
  6 bats
  2 frilled lizards
  8 rats
42 creatures vanquished.

Notes
Turn   | Place    | Note
-------+----------+-------------------------------------------
     0 | D:1      | hawla the Draconian Conjurer began the quest for the Orb.
     0 | D:1      | Reached XP level 1. HP: 14/14 MP: 3/3
   367 | D:1      | Reached XP level 2. HP: 20/20 MP: 1/5
  1621 | D:2      | Learned a level 2 spell: Searing Ray
  1663 | D:2      | Reached XP level 3. HP: 26/26 MP: 5/7
  2174 | D:2      | Killed from afar by an orc priest

Illustrated notes

Levels and vault maps discovered:
D:1:      dpeg_arrival_oval, layout_basic
D:2:      layout_loops_ring, first_ration

Skill      XL: |  1  2 |
---------------+-------+-----
Spellcasting   | 3 |  3.7
Dodging        | |  1.7
Stealth        | |  1.7
Conjurations   | |  4.0

Action                   || total
-------------------------++-------
Melee: Unarmed           ||    57
       Tailslap          ||     4
 Cast: Magic Dart        ||    77
       Searing Ray       ||     4
  Use: Scroll            ||     4
  Eat: Chunk             ||     4
Armor: Skin              ||    35
Dodge: Dodged            ||    87
